Description

PvZ Trap/Partings cannon robo battery BS https://www.twitch.tv/videos/442556912?t=01h22m47s

  • 14 pylon
  • 16 gate
  • Probe scout
  • 16 gas
  • 19 forge
  • @GW - cyber core
  • @340 minerals - create a 4 pylon CAGE behind their natural/main base cliff (if they pull drones you might need to cancel core temporarily to get your cage up)
  • Cancel pylons if they don’t pull lots of drones
  • Drop 2 cannons
  • Robo
  • Shield batteries

Stalker Variation

  • Replace 2 pylons with gateway
  • Chrono stalkers from home AND front nonstop and mass batteries and push in aggressively

VOD

https://youtu.be/_35B9I9ow-g

Replay - Cannon Stalker Battery Rush

Build Order

Get SALT Encoding   

  12  0:01  Probe  
  13  0:15  Probe  
  13  0:18  Pylon  
  14  0:28  Probe  
  15  0:37  Probe  
  15  0:38  Gateway  
  16  0:45  Assimilator  
  16  0:46  Probe  
  16  0:57  Probe  
  18  1:09  Probe  
  19  1:17  Forge  
  19  1:21  Probe  
  20  1:26  Cybernetics Core  
  20  1:35  Pylon x2  
  20  1:41  Probe  
  20  1:43  Pylon  
  21  1:55  Photon Cannon  
  21  1:58  Gateway  
  21  2:00  Stalker  
  21  2:02  Photon Cannon  
  23  2:17  Shield Battery  
  23  2:26  Stalker  
  23  2:30  Photon Cannon  
  25  2:46  Stalker  
  27  2:53  Pylon  
  27  3:08  Shield Battery  
  27  3:09  Stalker  
  29  3:18  Shield Battery x2  
  29  3:33  Stalker  
  31  3:37  Shield Battery x2  
  31  3:58  Stalker  
  33  4:03  Shield Battery  
  33  4:08  Shield Battery  
  33  4:19  Shield Battery x2  
  33  4:35  Stalker  
  33  4:36  Probe  
  35  4:49  Stalker  
Spawning Tool Build Advisor. Get it on Overwolf

Go to:

Details

  • Created by: PiG      
  • Published on: Aug 11, 2019
  • Modified on: Sep 02, 2019
  • Patch: 4.7.1
Show
View Real Time Build Order
Export as new Build Order

Comments (0)

There are no comments. Be the first!

Create an account to comment!